[Event "*** Titled Tuesday 3|2 Blitz"]
[Site "Chess.com"]
[Date "2016.05.03"]
[Round "1"]
[White "ChessWarrior7197"]
[Black "alturas_pacificas"]
[Result "1-0"]
[WhiteElo "2503"]
[BlackElo "2152"]
[TimeControl "180+2"]
[EndTime "11:10:44 PDT"]
[Termination "ChessWarrior7197 won by resignation"]

1. e4 g6 2. d4 Bg7 3. Nc3 d6 4.
Be3 a6 5. a4 Nd7 6. Nf3 b6 7. Bc4 e6 8. d5 e5 9. g4 Ngf6 10. h3 Qe7 11. Nd2 Nc5 12. Qe2 h5 13. g5 Nfd7 14. b4 Nb7 15. Bxa6 O-O 16. Bb5 f5 17. gxf6 Nxf6 18. Bg5 Qf7 19. Bc6 Kh7 20. Be3 Rb8 21. O-O-O Nd8 22. Bb5 Bd7 23.
Qc4 Bxb5 24. Nxb5 Ne8 25. Rhg1 Bh6 26. Bxh6 Kxh6 27. Rg2 Rg8 28. Rdg1 Ra8 29. Qb3 Qd7 30. Rg3 Nf7 31. Nf3 Nf6 32. Qe3+ Kh7 33. Nc3 c6 34. Ng5+ Nxg5 35. Qxg5 Raf8 36. Qh4 cxd5 37. exd5 Qf5 38. Rg5 Qf3 39. Qg3 Qxg3 40. R5xg3 Rc8 41.
Kb2 Rc4 42. Kb3 Rgc8 43. Rd1 Rf4 44. Rd2 Rcc4 45. b5 Rb4+ 46. Ka3 h4 47. Re3 Rbd4 48. Rxd4 exd4 49. Re7+ Kh6 50. Nd1 Nxd5 51. Rd7 Rf3+ 52.
Kb2 Rxh3 53. Rxd6 Nc3 54. Rxd4 Nxd1+ 55. Rxd1 Rf3 56. a5 bxa5 57. c4 Rxf2+ 58. Kb3 h3 59. Rh1 h2 60. b6 Kg5 61. b7 Rf8 62. c5 Kf4 63. Rxh2 Ke5 64. Rd2 Rb8 65. c6 g5 66. Ka4 Ke6 67. c7 g4 68. cxb8=Q 1-0

[Event "*** Titled Tuesday 3|2 Blitz"]
[Site "Chess.com"]
[Date "2016.05.03"]
[Round "1"]
[White "Stameny"]
[Black "charlescandycampbell"]
[Result "1-0"]
[WhiteElo "2442"]
[BlackElo "2051"]
[TimeControl "180+2"]
[EndTime "11:11:57 PDT"]
[Termination "Stameny won by resignation"]

1. e4 c6 2. Nf3 d5 3. Nc3 Bg4 4. h3 Bxf3 5. Qxf3 e6 6. d3 Nf6 7. Bg5 Be7 8. O-O-O O-O 9. g4 Nbd7 10.
Bg2 h6 11. Bd2 d4 12. Ne2 e5 13. g5 hxg5 14. Bxg5 Nh7 15. Bxe7 Qxe7 16. h4 c5 17. Ng3 Qf6 18. Qg4 Qh6+ 19. Kb1 Nhf6 20. Qg5 Qxg5 21. hxg5 Nh7 22. Nf5 Rae8 23. Nd6 Re6 24. Nxb7 Nxg5 25. Rdg1 Rb6 26. Na5 Nf6 27. Nc4 Re6 28. Kc1 Rb8 29.
Bf1 Ngh7 30. Rh4 g6 31. f4 exf4 32. Rxf4 Kg7 33. Be2 Rh8 34. Rf5 Rc6 35. Bf3 Rc7 36.
e5 Ne8 37. Bd5 Nf8 38. Rf4 Ne6 39. Bxe6 fxe6 40. Rfg4 Rh6 41. a3 Rf7 42. b4 cxb4 43. axb4 Rd7 44. Kb2 Nc7 45. Kb3 Nb5 46. Rf1 Rf7 47.
Rxf7+ Kxf7 48. Ka4 Nc3+ 49. Kb3 Nb5 50. Rf4+ Ke7 51.
Rf6 Nc7 52. Na5 Nd5 53. Rf2 Rh5 54. Kc4 Ne3+ 55. Kxd4 Nf5+ 56. Kc5 Ne3 57. d4 Rh4 58. Nc6+ Ke8 59. c4 Nf5 60. Rg2 Kf7 61. Ra2 g5 62.
Rxa7+ Kg6 63. d5 exd5 64. cxd5 g4 65. e6 g3 66. e7 Rh8 67. Ra2 Ne3 68. d6 g2 69.
Rxg2+ Nxg2 70. d7 Rh5+ 71. Kb6 Kg5 72. d8=Q Nf4 73. e8=Q+ Kg4 74. Ne5+ Kg3 75. Qxh5 Nxh5 76. Qg5+ Kf2 77. Qxh5 Ke3 78. Qg4 Kd2 79. Qf3 1-0

[Event "*** Titled Tuesday 3|2 Blitz"]
[Site "Chess.com"]
[Date "2016.05.03"]
[Round "1"]
[White "rasool78"]
[Black "SmoothAsAHedgehog"]
[Result "0-1"]
[WhiteElo "2179"]
[BlackElo "2531"]
[TimeControl "180+2"]
[EndTime "11:12:48 PDT"]
[Termination "SmoothAsAHedgehog won by resignation"]

1. e4 e5 2. Nf3 Nc6 3. Bc4 Bc5 4.
d3 Nf6 5. Nc3 d6 6. Be3 Bb6 7.
h3 h6 8. Bxb6 axb6 9. O-O O-O 10. d4 Re8 11. dxe5 Nxe5 12. Nxe5 dxe5 13. Qxd8 Rxd8 14.
Rad1 Be6 15. Bxe6 fxe6 16. a3 c6 17. f3 Kf7 18. Kf2 Ke7 19. Ne2 b5 20. Nc1 Rf8 21. Kg1 Ra4 22. Nd3 Nd7 23. Rf2 Rc8 24. Rfd2 Rc7 25.
Kf2 Rd4 26. Ke3 c5 27. c3 Rd6 28. Nf2 Rxd2 29. Rxd2 c4 30. Ng4 h5 31. Nf2 Nc5 32. Rd1 Na4 33. Rd2 Rc8 34. Ke2 Rf8 35. Ke3 g5 36.
Ke2 Nc5 37. Ke3 Nb3 38. Rd1 Rc8 39. Ke2 b4 40. cxb4 c3 41. bxc3 Rxc3 42. Kf1 Nd4 43. Rd3 Rc1+ 44. Rd1 Rc2 45. Ra1 Kf6 46. a4 Nb3 47.
Ra3 Nd4 48. a5 Rc1+ 49. Nd1 Rxd1+ 50. Kf2 Rb1 51. a6 bxa6 52. Rxa6 Rb2+ 53. Kg3 Rxb4 54. Ra8 Ne2+ 55. Kh2 Rb2 56. h4 Nf4 57. hxg5+ Kxg5 58. Rg8+ Kf6 59. Kh1 h4 60. g3 hxg3 61. Rxg3 Ke7 62. Rg5 Kd6 63. Rg8 Kc5 64. Rd8 Kc4 65. Kg1 Kc3 66. Kf1 Rd2 67. Ra8 Rc2 68. Ra5 Kd4 69. Kg1 Ke3 70. Rxe5 Kxf3 71. Ra5 Rc1+ 72. Kh2 Rc2+ 73.
Kh1 Kxe4 74. Ra4+ Kf3 75. Ra3+ Kg4 76. Rb3 e5 77. Re3 Kf5 78. Kg1 e4 79. Ra3 Nd3 80.
Ra8 Kf4 81. Rh8 Kg3 82. Rg8+ Kf3 83. Rf8+ Nf4 84. Ra8 e3 85. Ra3 Rd2 86. Kh1 Kf2 87. Ra4 e2 88. Rxf4+ Ke3 89. Rf3+ Kxf3 0-1

[Event "*** Titled Tuesday 3|2 Blitz"]
[Site "Chess.com"]
[Date "2016.05.03"]
[Round "1"]
[White "stuffings101"]
[Black "E-Shaposhnikov"]
[Result "0-1"]
[WhiteElo "2105"]
[BlackElo "2477"]
[TimeControl "180+2"]
[EndTime "11:13:19 PDT"]
[Termination "E-Shaposhnikov won by resignation"]

1. Nf3 c5 2. g3 Nc6 3. Bg2 g6 4. O-O Bg7 5. d3 d5 6. c3 Nf6 7. Qa4 O-O 8. Na3 e6 9. Re1 a6 10. e4 Bd7 11. Qb3 b5 12. Bg5 c4 13. dxc4 dxc4 14.
Qd1 Qc7 15. Nc2 h6 16. Bf4 e5 17. Bd2 Rad8 18. Qe2 Be6 19. a4 Na5 20. axb5 axb5 21. Nb4 Nb3 22. Rad1 Nd7 23. Be3 Ndc5 24. Bxc5 Nxc5 25. Qe3 Na4 26. Qe2 Rxd1 27. Rxd1 Rd8 28. Rxd8+ Qxd8 29. Ne1 h5 30. Nd5 Bh6 31. h4 Bc1 32. Nf3 f6 33. Qd1 Bxb2 34. Qd2 Kg7 35. Ne1 Bxc3 36. Qd1 Bd4 37. Nc2 Bxd5 38. Nxd4 exd4 39.
Qxd4 c3 40. exd5 c2 41. Qd2 Qc7 42. Qc1 Qc3 43. Be4 b4 44. Qxc2 Qxc2 45. Bxc2 Nc5 46. Kf1 b3 47. Bb1 Na4 48. Ke1 Nc3 49. d6 Kf8 50.
Bxg6 b2 51. Kd2 b1=Q 52. Bxb1 Nxb1+ 53. Kc2 Na3+ 54. Kb3 Nb5 55. d7 Ke7 56. Kc4 Nd6+ 57. Kd4 Kxd7 58. Ke3 Ke6 59. Kf4 Nf5 60. f3 Ne7 61. g4 Ng6+ 62. Kg3 Ne7 63. Kf4 Nd5+ 64. Ke4 Nc3+ 65. Kd3 Nb5 66. Ke4 Nd6+ 67. Kf4 Kf7 68.
gxh5 Kg7 69. Kg3 Kh6 70. Kg4 Kh7 71. Kg3 Kg7 72. Kf4 Kf7 73. Kg4 Ne8 74. Kf5 Ng7+ 75. Kg4 Ne8 76. Kf5 Nd6+ 77. Kf4 Ke6 78. Kg4 Nf7 79. Kf4 Nh6 80. Ke4 f5+ 81. Kf4 Kf6 82. Kg3 Ke5 83. Kf2 Kf4 84. Kg2 Ke3 85. Kg3 f4+ 86. Kg2 Ke2 87. Kh3 Kxf3 88. Kh2 Kg4 0-1

[Event "*** Titled Tuesday 3|2 Blitz"]
[Site "Chess.com"]
[Date "2016.05.03"]
[Round "2"]
[White "evgenyermolaev"]
[Black "Lupul_Cenusiu"]
[Result "1-0"]
[WhiteElo "2278"]
[BlackElo "2417"]
[TimeControl "180+2"]
[EndTime "11:15:14 PDT"]
[Termination "evgenyermolaev won by resignation"]

1. e4 c5 2. Nf3 e6 3. d4 cxd4 4. Nxd4 a6 5. Nc3 Nc6 6. Nxc6 bxc6 7. Bd3 d5 8. exd5 cxd5 9. O-O Nf6 10. Bf4 Bd6 11. Qf3 Bxf4 12. Qxf4 O-O 13. a4 Re8 14. a5 e5 15. Qg3 e4 16. Be2 Be6 17. Rfd1 Qc7 18. Qxc7 1-0

[Event "*** Titled Tuesday 3|2 Blitz"]
[Site "Chess.com"]
[Date "2016.05.03"]
[Round "2"]
[White "YaWaleriy"]
[Black "Danirod"]
[Result "0-1"]
[WhiteElo "2184"]
[BlackElo "2425"]
[TimeControl "180+2"]
[EndTime "11:16:10 PDT"]
[Termination "Danirod won by checkmate"]

1. d4 Nf6 2. Nf3 e6 3. c4 Bb4+ 4. Bd2 Qe7 5. e3 d5 6. Bd3 O-O 7. O-O Bxd2 8. Qxd2 Nbd7 9. Nc3 dxc4 10. Bxc4 a6 11. e4 b5 12. Bd3 Bb7 13. Rfe1 c5 14. Rad1 cxd4 15. Nxd4 Nc5 16. Bb1 Rfd8 17. Qe2 b4 18. e5 bxc3 19. exf6 Qxf6 20. bxc3 Rac8 21. Rc1 Qg5 22. Qe3 Qxg2# 0-1

[Event "*** Titled Tuesday 3|2 Blitz"]
[Site "Chess.com"]
[Date "2016.05.03"]
[Round "2"]
[White "Rating-Schmating"]
[Black "igorkovalenko"]
[Result "0-1"]
[WhiteElo "2255"]
[BlackElo "2576"]
[TimeControl "180+2"]
[EndTime "11:16:26 PDT"]
[Termination "igorkovalenko won by resignation"]

1. e4 c5 2. Nf3 d6 3. c4 e5 4. d3 Nc6 5. g3 g6 6. Bg2 Bg7 7. Na3 Nge7 8. O-O O-O 9. Nc2 a6 10.
a3 b5 11. b4 bxc4 12. dxc4 Be6 13. bxc5 dxc5 14. Qxd8 Rfxd8 15. Ne3 Na5 16. Nd2 Nec6 17. Nd5 Rab8 18. f4 exf4 19. gxf4 Bxa1 20. f5 Bxd5 21.
exd5 Bd4+ 22. Kh1 Ne5 23. fxg6 hxg6 24. Ne4 Naxc4 25. Nf6+ Kg7 26. h4 Rh8 27. h5 Ne3 28. Bxe3 Bxe3 29. Be4 Bg5 30. Ng4 Nxg4 31. Rxf7+ Kxf7 32. Bxg6+ Kf6 0-1

[Event "*** Titled Tuesday 3|2 Blitz"]
[Site "Chess.com"]
[Date "2016.05.03"]
[Round "2"]
[White "oggy1984"]
[Black "destroyer305"]
[Result "1-0"]
[WhiteElo "2317"]
[BlackElo "2292"]
[TimeControl "180+2"]
[EndTime "11:16:58 PDT"]
[Termination "oggy1984 won by resignation"]

1. e4 c5 2. Nf3 d6 3. d4 cxd4 4. Nxd4 Nf6 5. Nc3 g6 6. Be3 Bg7 7. f3 O-O 8. Qd2 Nc6 9. O-O-O d5 10. Kb1 dxe4 11. Nxc6 Qc7 12. Nd4 e5 13. Ndb5 Qa5 14. Nxe4 Qa4 15. Nxf6+ Bxf6 16. b3 Qh4 17. g3 Qh5 18. g4 Qh4 19. Bf2 Qg5 20. Qxg5 Bxg5 21. Nc7 Rb8 22. Bxa7 1-0

[Event "*** Titled Tuesday 3|2 Blitz"]
[Site "Chess.com"]
[Date "2016.05.03"]
[Round "2"]
[White "AlexanderL"]
[Black "JusticeBot"]
[Result "0-1"]
[WhiteElo "2563"]
[BlackElo "2554"]
[TimeControl "180+2"]
[EndTime "11:17:24 PDT"]
[Termination "JusticeBot won by resignation"]

1. d4 Nf6 2. c4 e6 3. Nc3 Bb4 4. Qc2 O-O 5. Nf3 d5 6. a3 Bxc3+ 7. Qxc3 Nbd7 8. cxd5 exd5 9. Bf4 c6 10. e3 Re8 11. Bd3 Nf8 12. O-O Ng6 13. Bg5 Qd6 14.
Bxf6 Qxf6 15. b4 h5 16. Rfe1 h4 17. Bxg6 fxg6 18. Ne5 h3 19. g3 Rxe5 20. f3 Qxf3 21.
Qd2 Re4 22. Rf1 Qxe3+ 0-1

[Event "*** Titled Tuesday 3|2 Blitz"]
[Site "Chess.com"]
[Date "2016.05.03"]
[Round "2"]
[White "ChadaevNikolay"]
[Black "wanyaland"]
[Result "1-0"]
[WhiteElo "2558"]
[BlackElo "2257"]
[TimeControl "180+2"]
[EndTime "11:17:25 PDT"]
[Termination "ChadaevNikolay won by resignation"]

1. e4 c5 2. Nf3 d6 3. d4 cxd4 4. Qxd4 Nf6 5. Bg5 Nc6 6. Bb5 Bd7 7. Bxc6 Bxc6 8. Bxf6 gxf6 9. Nc3 e6 10. O-O-O Be7 11. Qd3 Qa5 12. Nd4 a6 13. Kb1 Bd7 14. f4 Rc8 15. f5 b5 16. Qh3 b4 17. fxe6 fxe6 18. Nce2 Qe5 19. Rhe1 h5 20. Qf3 Rc4 21. Qd3 Rc5 22. g3 a5 23. Nf4 Kf7 24. Nf3 1-0

[Event "*** Titled Tuesday 3|2 Blitz"]
[Site "Chess.com"]
[Date "2016.05.03"]
[Round "2"]
[White "Hikaru"]
[Black "ChessWarrior7197"]
[Result "1-0"]
[WhiteElo "2870"]
[BlackElo "2501"]
[TimeControl "180+2"]
[EndTime "11:17:50 PDT"]
[Termination "Hikaru won by resignation"]

1. d4 Nf6 2. Bg5 e6 3. Nd2 d5 4.
e4 dxe4 5. Nxe4 Nbd7 6. Nf3 Be7 7. Nxf6+ Nxf6 8. c3 O-O 9. Bd3 b6 10. Qe2 Bb7 11. O-O-O h6 12. h4 Nd5 13. Qe4 g6 14. Bxh6 Re8 15. c4 f5 16. Qxe6+ Kh7 17. Qf7+ Kxh6 18.
h5 Bg5+ 19. Kb1 1-0

[Event "*** Titled Tuesday 3|2 Blitz"]
[Site "Chess.com"]
[Date "2016.05.03"]
[Round "2"]
[White "Beca95"]
[Black "Stameny"]
[Result "1-0"]
[WhiteElo "2561"]
[BlackElo "2408"]
[TimeControl "180+2"]
[EndTime "11:17:50 PDT"]
[Termination "Beca95 won by resignation"]

1. d4 d5 2. c4 e6 3. Nf3 c6 4.
e3 Nf6 5. Bd3 Nbd7 6. Nbd2 Bd6 7. e4 dxe4 8. Nxe4 Nxe4 9. Bxe4 Nf6 10. Bc2 c5 11. O-O O-O 12. Bg5 h6 13. Bh4 b6 14. Qd3 Re8 15. Ne5 Bb7 16. Bxf6 Qxf6 17. Qh7+ Kf8 18. Nd7+ Ke7 19. Nxf6 gxf6 20. d5 Rg8 21. g3 Be5 22. dxe6 Kxe6 23. Rad1 Rad8 24. Rxd8 Rxd8 25. Rd1 1-0

[Event "*** Titled Tuesday 3|2 Blitz"]
[Site "Chess.com"]
[Date "2016.05.03"]
[Round "2"]
[White "chito89"]
[Black "Inopov"]
[Result "1-0"]
[WhiteElo "2632"]
[BlackElo "2447"]
[TimeControl "180+2"]
[EndTime "11:18:09 PDT"]
[Termination "chito89 won by resignation"]

1. e4 e6 2. Qe2 c5 3. g3 b6 4. Bg2 Bb7 5. Nf3 d6 6. O-O Nf6 7. Nc3 Nbd7 8. d4 cxd4 9. Nxd4 a6 10. Rd1 Be7 11. e5 dxe5 12. Nxe6 fxe6 13. Bxb7 Ra7 14.
Bxa6 O-O 15. Bc4 Kh8 16. Bxe6 Qe8 17. Be3 Nc5 18. Bh3 Qg6 19. Nd5 Nxd5 20. Rxd5 Bf6 21.
Rxc5 bxc5 22. Bxc5 Raa8 23. Bg2 Rac8 24. Bxf8 Rxf8 25.
a4 h5 26. a5 h4 27. Be4 1-0

[Event "*** Titled Tuesday 3|2 Blitz"]
[Site "Chess.com"]
[Date "2016.05.03"]
[Round "2"]
[White "jk13"]
[Black "Fariasov-inactive"]
[Result "1-0"]
[WhiteElo "2416"]
[BlackElo "2190"]
[TimeControl "180+2"]
[EndTime "11:18:21 PDT"]
[Termination "jk13 won by resignation"]

1. e4 c5 2. c3 d5 3. exd5 Qxd5 4.
d4 Nf6 5. Nf3 Bg4 6. Nbd2 Nc6 7.
Bc4 Qd8 8. dxc5 a5 9. Qb3 e6 10.
Qxb7 Rc8 11. Bb5 Qd7 12. Qxd7+ Nxd7 13. b4 axb4 14. Bxc6 Rxc6 15. cxb4 Be7 16. Bb2 O-O 17. a3 Rb8 18. Bd4 e5 19. Be3 f5 20. h3 Bxf3 21. Nxf3 Bf6 22. Rd1 Nf8 23. O-O Ra6 24. Bc1 Ne6 25.
g4 f4 26. Rfe1 Nd4 27. Nxd4 exd4 28. Bxf4 Rba8 29. g5 Bd8 30. Rxd4 Rxa3 31. Re8+ Kf7 32. Rexd8 Rxd8 33. Rxd8 Rxh3 34. Bg3 Rh5 35. f4 h6 36. c6 hxg5 37. c7 1-0

[Event "*** Titled Tuesday 3|2 Blitz"]
[Site "Chess.com"]
[Date "2016.05.03"]
[Round "2"]
[White "exoticprincess"]
[Black "Smirnov_Pavel"]
[Result "1-0"]
[WhiteElo "2785"]
[BlackElo "2484"]
[TimeControl "180+2"]
[EndTime "11:18:28 PDT"]
[Termination "exoticprincess won by resignation"]

1. b3 Nf6 2. Bb2 e6 3. e3 d5 4. f4 c5 5. Nf3 Be7 6. Bb5+ Bd7 7. a4 O-O 8. O-O Nc6 9. Qe1 Rc8 10. Bxc6 Bxc6 11. d3 d4 12. e4 b6 13. Nbd2 a6 14. h3 b5 15. axb5 axb5 16. b4 cxb4 17. Nb3 Bb7 18.
Qf2 Nd7 19. Nfxd4 Nc5 20. Kh2 Nxb3 21. Nxb3 Qc7 22. Ra7 Qxc2 23. Qxc2 Rxc2 24. Be5 f6 25. Rxb7 fxe5 26. Rxe7 exf4 27. Nd4 1-0

[Event "*** Titled Tuesday 3|2 Blitz"]
[Site "Chess.com"]
[Date "2016.05.03"]
[Round "2"]
[White "Mischuk_D"]
[Black "HansCoolNiemann"]
[Result "1-0"]
[WhiteElo "2471"]
[BlackElo "2254"]
[TimeControl "180+2"]
[EndTime "11:18:44 PDT"]
[Termination "Mischuk_D won by checkmate"]

1. e4 e6 2. d4 d5 3. Bd3 c5 4.
exd5 Qxd5 5. Nc3 Qxd4 6. Nb5 Qd8 7. Bf4 Na6 8. Qe2 Qa5+ 9. c3 Bd7 10. Nd6+ Bxd6 11.
Bxd6 Qb6 12. Bg3 Nf6 13. O-O-O Rc8 14. Nf3 Ba4 15. Rd2 O-O 16. Ne5 Rfd8 17. Bh4 Rd5 18. Bxf6 gxf6 19. Qg4+ Kf8 20. Nc4 Qd8 21. Bxh7 b5 22.
Rxd5 exd5 23. Re1 Qe7 24. Qg8# 1-0

[Event "*** Titled Tuesday 3|2 Blitz"]
[Site "Chess.com"]
[Date "2016.05.03"]
[Round "2"]
[White "crisfoisor"]
[Black "charlescandycampbell"]
[Result "1-0"]
[WhiteElo "2146"]
[BlackElo "2045"]
[TimeControl "180+2"]
[EndTime "11:19:03 PDT"]
[Termination "crisfoisor won by resignation"]

1. d4 Nf6 2. c4 e6 3. Nc3 Bb4 4. Qc2 O-O 5. Nf3 h6 6. e4 d5 7. e5 Ne4 8. Bd3 c5 9. Bxe4 dxe4 10. Qxe4 cxd4 11. Nxd4 Qa5 12. Bd2 Na6 13. O-O Nc5 14. Qc2 Rd8 15. Nf3 Nd3 16. a3 Bxc3 17. Bxc3 Qc7 18.
Rad1 Nc5 19. b4 Na6 20. Rxd8+ Qxd8 21. Rd1 Qc7 22. Qd3 Kf8 23. c5 b6 24. c6 Qxc6 25. b5 1-0

[Event "*** Titled Tuesday 3|2 Blitz"]
[Site "Chess.com"]
[Date "2016.05.03"]
[Round "2"]
[White "hypert"]
[Black "Quiet_Desperation"]
[Result "1-0"]
[WhiteElo "2344"]
[BlackElo "2291"]
[TimeControl "180+2"]
[EndTime "11:19:15 PDT"]
[Termination "hypert won by resignation"]

1. e4 Nc6 2. Nf3 d6 3. d4 Nf6 4.
Nc3 d5 5. e5 Ne4 6. Ne2 Bg4 7.
h3 Bh5 8. g4 Bg6 9. Nf4 e6 10.
h4 h6 11. Nxg6 fxg6 12. Be3 Be7 13. h5 g5 14. c3 O-O 15. Bd3 Qe8 16. Nd2 Nxd2 17.
Qxd2 Na5 18. b3 b6 19. Bg6 Qd7 20. Bb1 Rf4 21. Bxf4 gxf4 22. Qd3 Kf8 23. Qh7 Ke8 24.
Bg6+ Kd8 25. Qg8+ 1-0

[Event "*** Titled Tuesday 3|2 Blitz"]
[Site "Chess.com"]
[Date "2016.05.03"]
[Round "2"]
[White "spectralsoul"]
[Black "Yaacovn"]
[Result "0-1"]
[WhiteElo "2545"]
[BlackElo "2559"]
[TimeControl "180+2"]
[EndTime "11:19:19 PDT"]
[Termination "Yaacovn won by resignation"]

1. e4 c6 2. d3 d5 3. Nd2 g6 4.
Ngf3 Bg7 5. g3 Bg4 6. h3 Bxf3 7. Qxf3 Nf6 8. Bg2 O-O 9. O-O e6 10. Qe2 a5 11. a4 Nfd7 12. c3 f5 13. exd5 exd5 14. Nf3 Nc5 15. Bg5 Bf6 16. Bh6 Re8 17. Qc2 Nbd7 18. Rae1 Qb6 19. h4 Qb3 20. Qxb3 Nxb3 21. d4 Nb6 22. Ne5 Nxa4 23. Re2 Bxe5 24. dxe5 Nbc5 25. Rd1 Ne4 26. Kh2 Nexc3 27. bxc3 Nxc3 28.
Red2 Nxd1 29. Rxd1 Rxe5 30. Bf1 a4 31. Ra1 a3 32. Bd2 a2 33. Bc3 Re4 34. Bd3 c5 35.
Bxe4 fxe4 36. Kg2 d4 37. Bb2 b5 38. Kf1 Kf7 39. Ke2 Ke6 40. Kd2 Kd5 41. Kc2 c4 42.
Rd1 d3+ 43. Kc3 Kc5 44. Kd2 b4 0-1

[Event "*** Titled Tuesday 3|2 Blitz"]
[Site "Chess.com"]
[Date "2016.05.03"]
[Round "2"]
[White "sorito"]
[Black "Er_is_geen_hoop_meer"]
[Result "0-1"]
[WhiteElo "2158"]
[BlackElo "2348"]
[TimeControl "180+2"]
[EndTime "11:19:24 PDT"]
[Termination "Er_is_geen_hoop_meer won by resignation"]

1. d4 Nf6 2. c4 e5 3. dxe5 Ng4 4. Nf3 Bc5 5. e3 Nc6 6. Nc3 O-O 7. Be2 Ngxe5 8.
Nxe5 Nxe5 9. O-O Re8 10. b3 a5 11. Kh1 Ra6 12. f4 Rh6 13. fxe5 Qh4 14. h3 d6 15. Rf3 Bg4 16. Ne4 Rxe5 17. Nxc5 Rxc5 18.
Bb2 Bxf3 19. Bxf3 Rg5 20. Qf1 Qg3 21. Rd1 Rf5 22. Bc3 Rxf3 23. Qxf3 Rxh3+ 24. Kg1 Qh2+ 25. Kf2 Rxf3+ 26. Kxf3 Qh5+ 27. g4 Qh3+ 28. Kf4 g5+ 29. Kxg5 Qxe3+ 30. Kh4 Qxc3 0-1

[Event "*** Titled Tuesday 3|2 Blitz"]
[Site "Chess.com"]
[Date "2016.05.03"]
[Round "2"]
[White "AvitalBor"]
[Black "motivated_bishop"]
[Result "1-0"]
[WhiteElo "2337"]
[BlackElo "2272"]
[TimeControl "180+2"]
[EndTime "11:19:33 PDT"]
[Termination "AvitalBor won by checkmate"]

1. Nf3 Nf6 2. c4 c5 3. d4 cxd4 4. Nxd4 g6 5. Nc3 Bg7 6. e4 d6 7.
Be2 O-O 8. Be3 a6 9. O-O Nbd7 10.
f3 b6 11. Nc6 Qe8 12. Nd5 Nxd5 13. Qxd5 Bb7 14. Nxe7+ Qxe7 15. Qxb7 Rfb8 16. Qd5 Bxb2 17. Rad1 Ba3 18. Bg5 Qe6 19. f4 Re8 20. Qxe6 fxe6 21. e5 Rac8 22. exd6 Rc6 23. Kh1 Rec8 24. Bg4 Kf7 25.
Rfe1 Rxd6 26. Rxd6 Bxd6 27. Bxe6+ Ke8 28. Bd5+ Kf8 29.
Bh6# 1-0

[Event "*** Titled Tuesday 3|2 Blitz"]
[Site "Chess.com"]
[Date "2016.05.03"]
[Round "2"]
[White "rookoco"]
[Black "Lector118"]
[Result "1-0"]
[WhiteElo "2396"]
[BlackElo "2298"]
[TimeControl "180+2"]
[EndTime "11:19:34 PDT"]
[Termination "rookoco won by resignation"]

1. d4 Nf6 2. Bg5 c5 3. d5 Ne4 4. Bc1 d6 5. f3 Nf6 6. e4 g6 7.
Nc3 Bg7 8. Bg5 O-O 9. Qd2 e6 10. dxe6 Bxe6 11. O-O-O h6 12. Bxh6 Nc6 13. Bxg7 Kxg7 14.
Kb1 Qa5 15. a3 Rad8 16. Qg5 b5 17. h4 b4 18. h5 bxc3 19. h6+ Kh7 20. Qxf6 Rg8 21.
Qxc3 Qb6 22. Bc4 Nd4 23. Bxe6 Nxe6 24. Nh3 Rd7 25. f4 Rb7 26. b3 Nd4 27. Ng5+ Kh8 28. Rh3 Re8 29. Qc4 Qc7 30. Rxd4 d5 31. Rxd5 Qxf4 32.
Qc3+ f6 33. Rf3 1-0

[Event "*** Titled Tuesday 3|2 Blitz"]
[Site "Chess.com"]
[Date "2016.05.03"]
[Round "2"]
[White "NaziPaiki"]
[Black "ArnaudovP"]
[Result "1-0"]
[WhiteElo "2563"]
[BlackElo "2414"]
[TimeControl "180+2"]
[EndTime "11:20:01 PDT"]
[Termination "NaziPaiki won by resignation"]

1. e4 e5 2. Nf3 Nc6 3. Bb5 Bb4 4. O-O Nge7 5. c3 Ba5 6. d4 exd4 7. cxd4 d5 8. e5 Bg4 9. Nc3 O-O 10. Be2 f6 11.
exf6 Rxf6 12. h3 Bxf3 13. Bxf3 h6 14. Re1 Bb6 15. Be3 Qd6 16. Rc1 Raf8 17. Bg4 Nf5 18. Qb3 Nce7 19. Ne4 Qd8 20. Nxf6+ Rxf6 21. Rcd1 c6 22.
Qd3 Bc7 23. g3 g6 24. Bd2 Kh7 25. Re2 Bd6 26. Rde1 Qd7 27. b4 a6 28. h4 Kg7 29.
h5 gxh5 30. Bxh5 Ng6 31. Bg4 Qf7 32. Bxf5 Rxf5 33. Re6 Bb8 34. Re8 Bd6 35. Qe3 h5 36. Qe6 h4 37. Qxd6 hxg3 38. Qxg3 1-0

[Event "*** Titled Tuesday 3|2 Blitz"]
[Site "Chess.com"]
[Date "2016.05.03"]
[Round "2"]
[White "Entilza"]
[Black "chorejason"]
[Result "0-1"]
[WhiteElo "2093"]
[BlackElo "2064"]
[TimeControl "180+2"]
[EndTime "11:20:14 PDT"]
[Termination "chorejason won by resignation"]

1. d4 Nf6 2. c4 g6 3. Nc3 Bg7 4. e4 d6 5. Nf3 O-O 6. Be2 c5 7. O-O Nc6 8. d5 Na5 9. Rb1 b6 10. a3 e6 11. b4 Nb7 12. Bd2 exd5 13. cxd5 Re8 14. Bd3 Bg4 15. h3 Bxf3 16. Qxf3 Nd7 17. Bb5 Rf8 18. Bxd7 Qxd7 19. Rfe1 f5 20. Qg3 fxe4 21.
Nxe4 Be5 22. f4 Bd4+ 23. Be3 Qg7 24. Ng5 Nd8 25. Kh2 h6 26. Bxd4 cxd4 27. Ne6 Nxe6 28.
Rxe6 Rf6 29. f5 g5 30. Qxd6 Raf8 31. Rbe1 Kh7 32. Re7 Rxd6 0-1

[Event "*** Titled Tuesday 3|2 Blitz"]
[Site "Chess.com"]
[Date "2016.05.03"]
[Round "2"]
[White "Misha_Bilous"]
[Black "GulamaliRises"]
[Result "0-1"]
[WhiteElo "2230"]
[BlackElo "2584"]
[TimeControl "180+2"]
[EndTime "11:20:17 PDT"]
[Termination "GulamaliRises won by resignation"]

1. d4 Nf6 2. c4 e6 3. Nf3 c5 4.
d5 exd5 5. cxd5 d6 6. Nc3 g6 7.
g3 Bg7 8. Bg2 O-O 9. O-O a6 10. a4 Re8 11. Nd2 Nbd7 12. h3 Rb8 13. Nc4 Ne5 14. Na3 Nh5 15. e4 f5 16. Qe2 Nf6 17. f4 Nf7 18. Nc4 Nxe4 19. Nxe4 fxe4 20.
g4 b5 21. axb5 axb5 22. Na5 Bd4+ 23. Kh2 Bb7 24. Qxb5 Bxd5 25. Qe2 Qb6 26. Nc4 Qb5 27. Ra5 Qxc4 28. Qe1 e3 29. Ra7 Qc2 30. Rg1 c4 31.
Qh4 Bxa7 0-1

[Event "*** Titled Tuesday 3|2 Blitz"]
[Site "Chess.com"]
[Date "2016.05.03"]
[Round "2"]
[White "PowerThinking2650"]
[Black "Grootneus"]
[Result "1-0"]
[WhiteElo "2152"]
[BlackElo "2037"]
[TimeControl "180+2"]
[EndTime "11:20:27 PDT"]
[Termination "PowerThinking2650 won by resignation"]

1. e4 c5 2. Nf3 Nc6 3. d4 cxd4 4. Nxd4 Nf6 5. Nc3 e5 6. Ndb5 d6 7. Bg5 a6 8. Na3 b5 9. Nd5 Be7 10. Bxf6 Bxf6 11. c3 Bg5 12. Nc2 Rb8 13. Be2 O-O 14. O-O a5 15. b4 axb4 16. cxb4 Be6 17. a4 bxa4 18. b5 Bxd5 19. exd5 Ne7 20. Nb4 Qb6 21. Nc6 Nxc6 22. dxc6 Rfd8 23. Qxa4 d5 24. Qa7 Rdc8 25. Qxb6 Rxb6 26. Bg4 f5 27. Bxf5 Rc7 28. Rfb1 d4 29.
Be4 Kf7 30. Ra6 Rb8 31. b6 d3 32. Rd1 Re7 33. c7 Rbe8 34. Bd5+ Kg6 35. b7+ Kf5 36.
Ra8 Rxc7 37. Rxe8 d2 1-0

[Event "*** Titled Tuesday 3|2 Blitz"]
[Site "Chess.com"]
[Date "2016.05.03"]
[Round "2"]
[White "UltimateCrusher2"]
[Black "the_drake"]
[Result "1-0"]
[WhiteElo "2114"]
[BlackElo "2203"]
[TimeControl "180+2"]
[EndTime "11:20:41 PDT"]
[Termination "UltimateCrusher2 won by resignation"]

1. b3 e5 2. Bb2 Nc6 3. g3 d5 4. Bg2 Nf6 5. d3 Bd6 6. Nf3 Bg4 7. h3 Bxf3 8. Bxf3 h5 9. e4 dxe4 10. dxe4 Qe7 11. Nd2 O-O-O 12. Qe2 Kb8 13. O-O-O Ba3 14.
c3 Rd7 15. Nc4 Bxb2+ 16. Kxb2 Rhd8 17. Rxd7 Qxd7 18. Qc2 Qd3 19. Rd1 Qxc2+ 20. Kxc2 Rxd1 21. Kxd1 g6 22. Kd2 Kc8 23. Ke3 Kd7 24. b4 a6 25.
a4 b5 26. axb5 axb5 27. Nb2 Nd8 28. Nd3 Kd6 29. Nc5 Nd7 30. Nxd7 Kxd7 31. Bd1 f6 32. Bb3 g5 33. h4 Kd6 34. Bd1 g4 35. f3 gxf3 36.
Bxf3 Ke6 37. Bxh5 f5 38. exf5+ Kxf5 39. Bf3 Nf7 40. g4+ Kf6 41. g5+ Kf5 42. Be4+ Kg4 43.
g6 Nh6 44. g7 Kxh4 45. Bh7 Ng4+ 46. Ke4 Nf6+ 47. Kxe5 Nxh7 48. g8=Q Ng5 1-0